 Dungeon Crawl Stone Soup version 0.31.0-12-g77e489cdc1 (webtiles) character file.

Game seed: 9031031834862126440

213 dvdksn the Cudgeller (level 5, 0/45 HPs)
             Began as a Minotaur Fighter on Feb 18, 2024.
             Slain by a gnoll
             ... wielding a +0 halberd
              (8 damage)
             ... on level 4 of the Dungeon.
             The game lasted 00:02:25 (2302 turns).

dvdksn the Cudgeller (Minotaur Fighter)             Turns: 2302, Time: 00:02:26

Health: 0/45       AC:  6    Str: 22    XL:     5   Next: 59%
Magic:  4/4        EV: 14    Int:  5    God:
Gold:   218        SH:  4    Dex: 10    Spells: 4/4 levels left

rFire   . . .        a - +1 flail
rCold   . . .        c - +0 buckler
rNeg    . . .        b - +0 scale mail
rPois   .            (helmet restricted)
rElec   .            (no cloak)
rCorr   .            (no gloves)
SInv    .            (no boots)
Will    .....        (no amulet) Stlth
                     f - +5 ring of evasion
HPRegen 0.27/turn    (no ring)
MPRegen 0.09/turn

%: no passive effects
@: no status effects
A: horns 2, retaliatory headbutt
a: no special abilities


You were on level 4 of the Dungeon.
You visited 1 branch of the dungeon, and saw 4 of its levels.

You collected 218 gold pieces.

Inventory:

Hand Weapons
 a - a +1 flail (weapon)
Armour
 b - a +0 scale mail (worn)
 c - a +0 buckler (worn)
Jewellery
 f - a +5 ring of evasion (left hand)
Wands
 q - a wand of flame (15)
Scrolls
 g - 2 scrolls of enchant weapon
 n - a scroll of enchant armour {unknown}
 o - a scroll of teleportation {unknown}
 p - a scroll of immolation {unknown}
 s - a scroll of identify
 t - a scroll of blinking {unknown}
 u - a scroll of vulnerability
 v - a scroll of fog
Potions
 d - 2 potions of might
 e - a potion of enlightenment {unknown}
 h - a potion of lignification
 i - a potion of invisibility {unknown}
 j - a potion of curing {unknown}
 k - a potion of resistance
 l - a potion of brilliance
 m - 3 potions of mutation
 r - a potion of attraction {unknown}


   Skills:
 - Level 3.6 Fighting
 + Level 7.2 Maces & Flails
 - Level 3.6 Armour
 - Level 3.6 Shields


You had 4 spell levels left.
You didn't know any spells.
Your spell library contained the following spells:

 Spells                   Type           Power      Damage    Failure   Level
 Slow                     Hex            0%         N/A       86%         1
 Confusing Touch          Hex            0%         N/A       99%         3
 Sigil of Binding         Hex            0%         N/A       99%         3
 Vampiric Draining        Necr           0%         2d6       99%         3


Dungeon Overview and Level Annotations

Branches:
Dungeon (4/15)
 Temple: D:4-7

Altars:
Okawaru
Wu Jian


Innate Abilities, Weirdness & Mutations

You have a pair of horns on your head.
You reflexively headbutt those who attack you in melee.


Message History

The hound closely misses you.
There are monsters nearby!
There are monsters nearby!
You closely miss the hound. Your headbutt misses the hound.
The hound misses you. The gnoll misses you. You furiously retaliate!
You headbutt the gnoll! The gnoll misses you.
You hit the gnoll.
You kill the gnoll!
The hound misses you.
A kobold comes into view. It is wielding a +0 dagger.
You block the gnoll's attack. The hound bites you.
A hound comes into view.
You closely miss the hound.
The hound barks!
The hound barely misses you. The hound misses you. You furiously retaliate!
You headbutt the hound. You block the gnoll's attack.
You closely miss the hound.
The hound is moderately wounded.
The hound barely misses you.
The gnoll hits you from afar with a +0 halberd!
You block the hound's attack.
You completely miss the hound.
The hound is moderately wounded.
The hound bites you.
The gnoll hits you from afar with a +0 halberd!
The hound barely misses you. You furiously retaliate!
You headbutt the hound! The hound attacks as it pursues you!
The hound completely misses you. The hound attacks as it pursues you!
The hound completely misses you. The gnoll attacks as it pursues you!
The gnoll hits you from afar with a +0 halberd.
The hound barely misses you. The gnoll attacks as it pursues you!
The gnoll hits you from afar with a +0 halberd.
* * * LOW HITPOINT WARNING * * *
The hound bites you.
* * * LOW HITPOINT WARNING * * *
As you read the scroll labelled MIURPH UJEOLIOHAE, it dissolves into smoke.
It was a scroll of fog.
You block the hound's attack.
The gnoll hits you from afar with a +0 halberd!
You die...

..P~.~.. #.# #.# #.
..~P~..##########>#
#.### ####.
..~P~..#.........[#
#...###....
P.PP.#.##########
#####8##### ....#.#
##...##≈# #..#.#
#_.#.....
#..#..#†#######
##...##.#
#§.'.)...hKgh§#
##8##§.≈
#!.#..#.#####@#
#####.# #..#.# #§#
#.. g.g.#.. §§§
###########..
##...#.## ##...
.............
.#.#..#
#.###########.....
.... ..# #.# #.####
## #. ... ..# #.#
#.# ..#####.####
............


You could see a hound and a gnoll.

Vanquished Creatures
  A jelly (D:4)
  Jessica (D:3)
  2 gnolls (D:4)
  8 adders
  2 dart slugs
  An orc (D:4)
  7 endoplasms
  6 giant cockroaches
  11 goblins
  7 hobgoblins
  2 quokkas
  5 ball pythons
  5 bats
  A frilled lizard (D:3)
  A kobold (D:1)
  2 rats (D:2)
62 creatures vanquished.

Notes
Turn   | Place    | Note
-------+----------+-------------------------------------------
     0 | D:1      | dvdksn the Minotaur Fighter began the quest for the Orb.
     0 | D:1      | Reached XP level 1. HP: 19/19 MP: 0/0
    65 | D:1      | Found a faded altar of an unknown god.
   205 | D:1      | Reached skill level 3 in Maces & Flails
   586 | D:1      | Reached XP level 2. HP: 25/26 MP: 1/1
  1080 | D:2      | Reached skill level 4 in Maces & Flails
  1121 | D:2      | Reached XP level 3. HP: 31/31 MP: 2/2
  1204 | D:2      | Reached skill level 5 in Maces & Flails
  1298 | D:2      | Reached XP level 4. HP: 39/39 MP: 3/3
  1559 | D:3      | Noticed Jessica
  1571 | D:3      | Killed Jessica
  1572 | D:3      | Reached skill level 6 in Maces & Flails
  1886 | D:4      | Found an ornate altar of the Wu Jian Council.
  1896 | D:4      | Found an iron altar of Okawaru.
  1941 | D:4      | Reached XP level 5. HP: 45/45 MP: 4/4
  2170 | D:4      | Reached skill level 7 in Maces & Flails
  2302 | D:4      | Slain by a gnoll

Illustrated notes

Levels and vault maps discovered:
D:1:      nzn_arrival_depleted_hourglass, layout_loops_ring,
          hellmonk_ecumenical_altar_crossroads, serial_co_window_serial,
          co_window_of_opportunity_a, co_window_paths_a, co_window_paths_a,
          co_window_of_opportunity_a, co_window_of_opportunity_a,
          co_window_broadway_b, co_window_paths_c, co_window_corner_b,
          co_window_2corner, co_window_corner_cb, co_window_corner_b,
          co_window_paths_d, glass_columns_b, glass_columns_b, glass_columns_c,
          glass_columns_a, glass_columns_a
D:2:      layout_rooms, serial_glass, glass_columns_a, glass_columns_b
D:3:      layout_rooms, uniq_jessica
D:4:      wander_river, layout_loops_ring, bloody_makhleb, grunt_qazlal_clouds,
          amethyst_overflow_temple_binary, serial_shops,
          nicolae_shop_statue_plus, dreamdust_gnoll_farm,
          uniq_crazy_yiuf_cottage

Skill      XL: |  1  2  3  4  5 |
---------------+----------------+-----
Maces & Flails | 3 4 5 6 7 |  7.2
Fighting       | |  3.6
Armour         | |  3.6
Shields        | |  3.6

Action                     |  1- 3 |  4- 6 || total
---------------------------+-------+-------++-------
  Melee: Flail             |    55 |    53 ||   108
         Headbutt          |     8 |     7 ||    15
    Use: Scroll            |       |     7 ||     7
 Armour: Scale mail        |    27 |    26 ||    53
  Dodge: Dodged            |    36 |    47 ||    83
  Block: Buckler           |    15 |    16 ||    31
